 Dungeon Crawl Stone Soup version 0.30-a0-1094-g860fb061e7 (webtiles) character file.

Game seed: 570311994768960994

4129 Newt the Poker (level 10, 0/76 HPs)
             Began as a Demonspawn Gladiator on Apr 17, 2023.
             Was a Believer of Kikubaaqudgha.
             Slain by a hornet (8 damage)
             ... on level 8 of the Dungeon.
             The game lasted 00:07:04 (7918 turns).

Newt the Poker (Demonspawn Gladiator)               Turns: 7918, Time: 00:07:05

Health: 0/76       AC:  6    Str: 20    XL:     10   Next: 6%
Magic:  0/15       EV: 13    Int:  9    God:    Kikubaaqudgha [**....]
Gold:   430        SH:  0    Dex: 14    Spells: 16/16 levels left

rFire   . . .      SeeInvis .    q - +2 spear (freeze)
rCold   + . .      Faith    .    (no shield)
rNeg    . . .      Spirit   +    A - +1 ring mail of Quiescent Brilliance {Fly rElec rC+}
rPois   .          Reflect  .    (helmet unavailable)
rElec   +          Rampage  .    (no cloak)
rCorr   .                        (no gloves)
Will    .....                    (no boots)
Stlth   +                        s - amulet of guardian spirit
HPRegen 0.32/turn                h - ring of wizardry
MPRegen 0.14/turn                z - +4 ring of slaying

@: flying, slowed, very slow
A: horns 3, demonic magic 1
a: Renounce Religion, Unearth Wretches


You were on level 8 of the Dungeon.
You worshipped Kikubaaqudgha.
Kikubaaqudgha was pleased with you.
You visited 1 branch of the dungeon, and saw 8 of its levels.

You collected 430 gold pieces.

Inventory:

Hand Weapons
 a - a +0 rapier
 q - a +2 spear of freezing (weapon)
 J - a +0 glaive of flaming
Missiles
 d - a throwing net (quivered)
 e - 3 javelins
 f - 90 stones
 k - 11 boomerangs
Armour
 b - a +1 leather armour
 c - a +0 helmet
 o - a +2 hat
 A - the +1 ring mail of Quiescent Brilliance (worn) {Fly rElec rC+}
   (You took it off a kobold on level 3 of the Dungeon)

   rC:        It protects you from cold.
   rElec:     It insulates you from electricity.
   Fly:       It grants you flight.
 B - +0 steam dragon scales
 H - a +2 leather armour of fire resistance
 K - +0 steam dragon scales
Jewellery
 h - a ring of wizardry (left hand)
 s - an amulet of guardian spirit (around neck)
 z - a +4 ring of slaying (right hand)
 I - a ring of willpower
Wands
 p - a wand of flame (23)
 E - a wand of charming (5)
Scrolls
 i - 3 scrolls of fear
 r - 3 scrolls of blinking
 v - a scroll of amnesia
 y - a scroll of vulnerability
 D - 2 scrolls of noise
 G - 2 scrolls of brand weapon
Potions
 g - 3 potions of attraction
 j - a potion of berserk rage
 l - 2 potions of flight {unknown}
 n - 4 potions of haste
 t - 2 potions of lignification
 u - 2 potions of heal wounds {unknown}
 w - 2 potions of brilliance {unknown}
 x - a potion of mutation
 C - a potion of might
 F - a potion of cancellation
 L - a potion of degeneration {unknown}


   Skills:
 - Level 6.0 Fighting
 - Level 2.6 Short Blades
 - Level 6.0 Polearms
 - Level 4.0 Throwing
 - Level 4.0 Armour
 - Level 6.0 Dodging
 + Level 3.7 Spellcasting
 + Level 4.5 Necromancy
 - Level 5.0 Evocations


You had 16 spell levels left.
You didn't know any spells.
Your spell library contained the following spells:

 Spells                   Type           Power      Damage    Failure   Level
 Necrotise                Necr           36%        1d5       2%          1
 Sublimation of Blood     Necr           9%         N/A       4%          2
 Vampiric Draining        Necr           9%         2d6       9%          3
 Cigotuvi's Dreadful Rot  Necr/Pois/Air  8%         N/A       16%         2
 Magic Dart               Conj           4%         1d3       17%         1
 Ensorcelled Hibernation  Hex/Ice        2%         N/A       26%         2
 Lesser Beckoning         Tloc           2%         N/A       26%         2
 Gell's Gravitas          Tloc           1%         N/A       45%         3
 Spider Form              Tmut/Pois      1%         N/A       45%         3
 Teleport Other           Tloc           1%         N/A       45%         3
 Anguish                  Hex/Necr       2%         N/A       54%         4


Dungeon Overview and Level Annotations

Branches:
Dungeon (8/15)             Temple (0/1) D:4
   Lair: D:8-11

Altars:
Gozag
Kikubaaqudgha
Qazlal
Ru
Sif Muna
Vehumet


Innate Abilities, Weirdness & Mutations

You have a pair of large horns on your head.
Spells you cast may paralyse adjacent enemies.


Message History

The sky beast hits you. The sky beast shocks you. You resist.
A white imp comes into view.
You barely miss the hornet.
The white imp shouts!
You headbutt the hornet.
The hornet is moderately wounded.
The hornet stings you!
You feel as though you will be slow longer.
The sky beast hits you but does no damage.
You are too injured to fight recklessly!
You barely miss the hornet. Your headbutt misses the hornet.
The hornet is moderately wounded.
The hornet stings you!
You are poisoned.
You feel as though you will be slow longer.
The hornet misses you.
The sky beast hits you but does no damage.
You miss the hornet. You headbutt the hornet!
The hornet is severely wounded.
You feel very sick. The hornet stings you.
* * * LOW HITPOINT WARNING * * *
You feel as though you will be slow longer.
The sky beast barely misses you. The hornet stings you!
* * * LOW HITPOINT WARNING * * *
You are lethally poisoned!
You feel as though you will be slow longer.
The sky beast attacks as you move away!
The sky beast hits you but does no damage.
* * * LOW HITPOINT WARNING * * *
You feel very sick. The hornet closely misses you.
The sky beast flickers out of sight!
Deactivating autopickup; reactivate with Ctrl-A.
Something hits you.
* * * LOW HITPOINT WARNING * * *
Something shocks you. You resist.
* * * LOW HITPOINT WARNING * * *
You feel better. The hornet stings you!
You die...
Kikubaaqudgha rasps: "You have failed me!
Welcome... death!"

#......# #.####.# #.#
#.# ##### #.#
#.####...## ####'##
#.......... #.....#
#####......
#.....#######....∩.
##.....##...........
#..@...##...........
#.y{5..##.......†##.
#......##........###
........>#........# #
...##......#.......####
.....
#......#...........
....
#......#....†..#### ...
######.#..........# ...
.#.......##..


You could see a hornet and a white imp.

Vanquished Creatures
  The ghost of PublicDefender the Cleaver, a novice HOFi of Beogh (D:5)
  Maggie (D:7)
  A kobold demonologist (D:8)
  2 steam dragons
  2 sky beasts
  3 ice beasts
  A black bear (D:6)
  2 orc warriors
  2 wolves (D:8)
  2 ogres
  4 centaurs
  A bullfrog (D:7)
  3 scorpions
  4 killer bees (D:7)
  5 howler monkeys
  An electric eel (D:8)
  3 hounds
  A jelly (D:6)
  4 orc priests
  2 sleepcaps
  An orc wizard (D:8)
  3 iguanas
  A centaur simulacrum (D:8)
  2 killer bee simulacra (D:8)
  10 adders
  4 white imps
  2 ufetubi
  2 worms
  4 dart slugs
  24 orcs
  5 endoplasms
  4 giant cockroaches
  5 goblins
  7 hobgoblins
  8 jackals
  5 kobolds
  A quokka (D:2)
  7 ball pythons
  5 bats
  3 frilled lizards
  10 rats
158 creatures vanquished.

Vanquished Creatures (others)
  A wizard (D:7)
1 creature vanquished.

Grand Total: 159 creatures vanquished

Notes
Turn   | Place    | Note
-------+----------+-------------------------------------------
     0 | D:1      | Newt the Demonspawn Gladiator began the quest for the Orb.
     0 | D:1      | Reached XP level 1. HP: 16/16 MP: 1/1
   229 | D:1      | Gained mutation: Spells you cast may paralyse adjacent
                  | enemies. [demonic ancestry]
   229 | D:1      | Reached XP level 2. HP: 13/23 MP: 2/2
   909 | D:1      | Reached XP level 3. HP: 8/29 MP: 3/3
  1570 | D:3      | Reached XP level 4. HP: 30/37 MP: 4/4
  1612 | D:3      | Found a faded altar of an unknown god.
  1897 | D:3      | Found an ancient bone altar of Kikubaaqudgha.
  1903 | D:3      | Found a shimmering blue altar of Sif Muna.
  1905 | D:3      | Found a radiant altar of Vehumet.
  1910 | D:3      | Got Vehumet's Papyrus of Combat Magic
  2213 | D:3      | Identified the +1 ring mail of Quiescent Brilliance {Fly
                  | rElec rC+}
  2525 | D:3      | Became a worshipper of Kikubaaqudgha
  2830 | D:4      | Noticed an ice beast
  2840 | D:4      | Killed an ice beast
  2841 | D:4      | Reached skill level 1 in Polearms
  2841 | D:4      | Reached XP level 5. HP: 42/42 MP: 5/5
  3081 | D:4      | Noticed a steam dragon
  3089 | D:4      | Killed a steam dragon
  3090 | D:4      | Gained mutation: You have a pair of small horns on your
                  | head. [demonic ancestry]
  3090 | D:4      | Reached XP level 6. HP: 30/48 MP: 4/6
  3173 | D:4      | Found a staircase to the Ecumenical Temple.
  3209 | D:4      | Found a stormy altar of Qazlal.
  3246 | D:4      | You are sucked into a shaft and drop 3 floors!
  3259 | D:7      | Noticed a wizard
  3318 | D:6      | Gained mutation: You have a pair of horns on your head.
                  | [demonic ancestry]
  3318 | D:6      | Reached XP level 7. HP: 45/54 MP: 5/7
  3329 | D:6      | Reached skill level 5 in Polearms
  3586 | D:5      | Entered Level 5 of the Dungeon
  3671 | D:5      | Reached * piety under Kikubaaqudgha
  3671 | D:5      | Received a gift from Kikubaaqudgha
  3791 | D:5      | Found a sacrificial altar of Ru.
  3798 | D:5      | Reached skill level 1 in Armour
  3859 | D:5      | Found a transporter.
  3859 | D:5      | Noticed PublicDefender's ghost (novice HOFi)
  3862 | D:5      | Found a transporter.
  4404 | D:5      | Gained mutation: You have a pair of large horns on your
                  | head. [demonic ancestry]
  4404 | D:5      | Reached XP level 8. HP: 53/60 MP: 8/8
  4713 | D:5      | Killed PublicDefender's ghost
  4779 | D:6      | Reached skill level 5 in Dodging
  4951 | D:6      | Found an opulent altar of Gozag.
  5506 | D:7      | Reached skill level 5 in Fighting
  5506 | D:7      | Reached XP level 9. HP: 34/68 MP: 6/9
  5979 | D:7      | Killed a wizard
  5980 | D:7      | Reached skill level 1 in Evocations
  6130 | D:7      | Reached ** piety under Kikubaaqudgha
  6424 | D:7      | Noticed Maggie
  6439 | D:7      | Killed Maggie
  6702 | D:7      | Reached skill level 5 in Evocations
  6802 | D:7      | Reached skill level 1 in Spellcasting
  6802 | D:7      | Reached skill level 1 in Necromancy
  7595 | D:8      | Noticed a kobold demonologist
  7602 | D:8      | Killed a kobold demonologist
  7703 | D:8      | Reached XP level 10. HP: 64/76 MP: 11/15
  7917 | D:8      | HP: 2/76 [something (2)]
  7918 | D:8      | Slain by a hornet

Illustrated notes

Levels and vault maps discovered:
D:1:      minmay_arrival_up_and_down, layout_basic, serial_bayou_ford_a
D:2:      layout_basic
D:3:      layout_basic, grunt_temple_overflow_magic_moments,
          shapermc_ecumenical_altar_totnotflames,
          chequers_serial_rivers_micro_b, minmay_randomly_rotated_circles
D:4:      layout_gridville, nicolae_qazlal_general_emergency,
          minmay_temple_entry_overgrown
D:5:      layout_basic, old_standard_altar, gammafunk_ghost_arena,
          hangedman_abyss_or_decor_stagger
D:6:      layout_rooms, grunt_temple_overflow_gold_and_silver,
          serial_co_window_serial, co_window_of_opportunity_a,
          co_window_paths_b, co_window_of_opportunity_a, co_window_corner_a,
          co_window_of_opportunity_a, co_window_corner_b, co_window_corner_b,
          co_window_of_opportunity_b, co_window_unsneaky_path_d,
          glass_columns_b, glass_columns_a, glass_columns_a, glass_columns_a,
          palyth_stone_intersect, st_stairs_8
D:7:      cheibrodos_wizards_tower, layout_gridville, uniq_maggie
D:8:      layout_basic, serial_ice, serial_ice_l, serial_ice_e, serial_ice_h,
          serial_ice_a, serial_ice_b, serial_ice_c, serial_ice_m,
          kennysheep_small_circle

Skill      XL: |  1  2  3  4  5  6  7  8  9 |
---------------+----------------------------+-----
Fighting       | 3 4 5 6 |  6.0
Throwing       | 2 4 |  4.0
Polearms       | 1 3 4 6 |  6.0
Armour         | 3 4 |  4.0
Dodging        | 6 |  6.0
Evocations     | 5 |  5.0
Spellcasting   | 3 |  3.7
Necromancy     | 4 |  4.5
Short Blades   | |  2.6

Action                     |  1- 3 |  4- 6 |  7- 9 | 10-12 || total
---------------------------+-------+-------+-------+-------++-------
  Melee: Rapier            |    94 |       |       |       ||    94
         Punch             |     1 |     1 |     3 |       ||     5
         Spear             |    30 |   109 |   275 |    22 ||   436
         Headbutt          |       |     7 |    33 |     3 ||    43
  Throw: Javelin           |     4 |       |       |       ||     4
         Throwing net      |       |       |     3 |       ||     3
    Use: Scroll            |     5 |     6 |     9 |       ||    20
         Potion            |     1 |       |     5 |     1 ||     7
   Stab: Sleeping          |     2 |       |       |       ||     2
         Held in net/web   |       |       |     5 |       ||     5
 Armour: Leather armour    |    39 |    22 |       |       ||    61
         Ring mail         |       |     6 |    64 |     3 ||    73
  Dodge: Dodged            |    78 |    46 |   113 |    21 ||   258

Table legend: (Time is in decaauts)
 A = Elapsed time spent in this place.
 B = Non-inter-level travel time spent in this place.
 C = Inter-level travel time spent in this place.
 D = Time resting spent in this place.
 E = Time spent auto-exploring this place.
 F = Levels seen in this place.
 G = Mean time per level.
                   A        B        C        D        E       F      G
               +--------+--------+--------+--------+--------+-----+--------+
         Total |   7884 |   7522 |    362 |   1288 |   5107 |   8 |  985.5 |
       Dungeon |   7884 |   7522 |    362 |   1288 |   5107 |   8 |  985.5 |
               +--------+--------+--------+--------+--------+-----+--------+

Top non-repeatable levels by time:
     D:7: 1712 daAuts
     D:1: 1112 daAuts
     D:6: 1016 daAuts
     D:3: 1015 daAuts
     D:5: 946 daAuts
     D:4: 909 daAuts
     D:8: 715 daAuts
     D:2: 456 daAuts
